 Dungeon Crawl Stone Soup version 0.29.0-4-gdea44cf6ec (webtiles) character file.

Game seed: 12531011678165514198

596 qw the Chopper (level 7, -9/41 HPs)
             Began as a Tengu Warper on Aug 28, 2022.
             Mangled by an ogre
             ... wielding a +0 giant club
              (28 damage)
             ... on level 5 of the Dungeon.
             The game lasted 00:00:28 (5543 turns).

qw the Chopper (Tengu Warper)                       Turns: 5543, Time: 00:00:28

Health: -9/41      AC:  9    Str: 13    XL:     7   Next: 40%
Magic:  11/11      EV:  7    Int: 14    God:
Gold:   222        SH:  0    Dex: 13    Spells: 10/10 levels left

rFire   . . .      SeeInvis .   Y - +0 hand axe
rCold   . . .      Faith    .   (no shield)
rNeg    . . .      Spirit   .   i - +0 chain mail
rPois   .          Reflect  .   (helmet restricted)
rElec   .          Harm     .   (no cloak)
rCorr   .          Rampage  .   h - +0 pair of gloves
Will    .....                   (boots unavailable)
Stlth   ..........              (no amulet)
HPRegen 0.13/turn               (no ring)
MPRegen 0.12/turn               (no ring)

@: flying quickly and evasively, quick
A: beak, talons 3, nimble flight
a: no special abilities


You were on level 5 of the Dungeon.
You visited 1 branch of the dungeon, and saw 5 of its levels.

You collected 222 gold pieces.


Innate Abilities, Weirdness & Mutations

You have a beak for a mouth.
You have claws for feet.
Your magical nature lets you fly swiftly and evasively.


   Skills:
 - Level 3.6 Fighting
 + Level 7.7 Axes
 - Level 1.0 Throwing
 - Level 2.1 Armour
 - Level 2.1 Dodging
 - Level 2.0 Spellcasting
 - Level 2.4 Translocations


You had 10 spell levels left.
You didn't know any spells.
Your spell library contained the following spells:

 Spells                   Type           Power      Damage    Failure   Level
 Blink                    Tloc           16%        N/A       99%         2
 Gell's Gravitas          Tloc           8%         N/A       100%        3
 Lesser Beckoning         Tloc           8%         N/A       100%        3
 Teleport Other           Tloc           8%         N/A       100%        3
 Manifold Assault         Tloc           8%         N/A       100%        5

Inventory:

Hand Weapons
 c - a +1 whip of freezing
 Y - a +0 hand axe (weapon)
Armour
 h - a +0 pair of gloves (worn)
 i - a +0 chain mail (worn)
Scrolls
 a - a scroll of teleportation
 b - 3 scrolls of identify
 f - a scroll of noise {unknown}
Potions
 d - a potion of curing
 e - a potion of haste
 g - a potion of magic {unknown}

Dungeon Overview and Level Annotations

Branches:
Dungeon (5/15)
 Temple: D:4-7

Altars:
Makhleb

Shops:
D:2 :


Message History

A scorpion comes into view.
You hit the scorpion.
The scorpion is moderately wounded.
The scorpion stings you but does no damage.
You hit the scorpion but do no damage. You claw the scorpion.
Your peck misses the scorpion.
The scorpion is moderately wounded.
The scorpion barely misses you.
You hit the scorpion but do no damage.
The scorpion is moderately wounded.
The scorpion stings you but does no damage.
You hit the scorpion.
The scorpion is heavily wounded.
The scorpion stings you but does no damage.
You hit the scorpion. Your kick misses the scorpion.
Your peck misses the scorpion.
The scorpion is almost dead.
The scorpion stings you but does no damage.
You hit the scorpion.
You kill the scorpion!
Found a long sword.
g - a brown potion You now have 222 gold pieces (gained 9).
Found a stone staircase leading up.
Enter note:
Enter note:
Enter note:
Enter note: You see here an iguana corpse.
An ogre comes into view. It is wielding a +0 giant club.
The ogre shouts!
You hit the ogre. You claw the ogre.
The ogre is moderately wounded.
The ogre hits you with a +0 giant club!!
Ouch! That really hurt!
You slash the ogre! You claw the ogre, but do no damage.
The ogre is heavily wounded.
The ogre hits you with a +0 giant club!!
Ouch! That really hurt!
You die...

#.##.....##.#
#.###...>##.. #.#
#.####### ..###.#
#.....# ### #.##### ..#
#.##########.###.#######
#.%........#...O........
##########.#####@# ...<#
#.......# #####
#########


You could see an ogre.

Vanquished Creatures
  Sigmund (D:4)
  A phantom (D:5)
  A bullfrog (D:4)
  A scorpion (D:5)
  2 hounds
  An iguana (D:5)
  Robin (D:4)
  4 gnolls (D:4)
  2 adders
  A worm (D:3)
  2 dart slugs
  An orc (D:5)
  6 ball pythons (D:1)
  4 bats
  9 endoplasms
  5 giant cockroaches
  19 hobgoblins
  3 kobolds
  A quokka (D:4)
  14 goblins
  4 rats
83 creatures vanquished.

Notes
Turn   | Place    | Note
-------+----------+-------------------------------------------
     0 | D:1      | qw the Tengu Warper began the quest for the Orb.
     0 | D:1      | Reached XP level 1. HP: 12/12 MP: 4/4
     0 | D:1      | 0 ||| qw: Version: 0.1-a-89-g26bdef1
     0 | D:1      | 0 ||| qw: Game counter: 1078
     0 | D:1      | 0 ||| qw: Always use a shield: true
     0 | D:1      | 0 ||| qw: God list: Okawaru
     0 | D:1      | 0 ||| qw: Allow faded altars: false
     0 | D:1      | 0 ||| qw: Do Orc after D:15 true
     0 | D:1      | 0 ||| qw: Do second Lair branch before Depths: true
     0 | D:1      | 0 ||| qw: Lair rune preference: random
     0 | D:1      | 0 ||| qw: Plans: Normal
     0 | D:1      | 0 ||| PLANNING D:1-11
   103 | D:1      | Reached XP level 2. HP: 13/17 MP: 6/6
   228 | D:1      | Reached skill level 3 in Axes
   830 | D:1      | Reached XP level 3. HP: 21/21 MP: 7/7
   941 | D:1      | Found a faded altar of an unknown god.
  1134 | D:1      | 1134 ||| DROPPING amulet of magic regeneration.
  1135 | D:1      | 1135 ||| DROPPING ring of wizardry.
  1136 | D:1      | 1136 ||| READING scroll labelled MINOTUUDEM.
  1262 | D:1      | 1262 ||| READING 2 scrolls labelled HOAMMO VASHYMU.
  1263 | D:1      | 1263 ||| READING scroll labelled OCEVUNOBRA.
  1264 | D:1      | 1264 ||| READING scroll labelled POYVET OSTUYRA.
  1269 | D:1      | 1269 ||| READING scroll labelled IRUFOPT QAUNN.
  1270 | D:1      | 1270 ||| DROPPING scroll of blinking.
  1271 | D:1      | 1271 ||| DROPPING scroll of vulnerability.
  1296 | D:2      | Reached skill level 4 in Axes
  1353 | D:2      | Found a burning altar of Makhleb.
  1447 | D:2      | Found Lipton's Book Boutique.
  1524 | D:2      | 1524 ||| Stepping ~*~*~tactically~*~*~ (stealth).
  1526 | D:2      | 1526 ||| Stepping ~*~*~tactically~*~*~ (stealth).
  1532 | D:2      | Reached skill level 5 in Axes
  1532 | D:2      | Reached XP level 4. HP: 17/26 MP: 8/8
  1545 | D:2      | 1545 ||| FLEEEEING.
  1663 | D:2      | 1663 ||| Stepping ~*~*~tactically~*~*~ (stealth).
  1667 | D:2      | 1667 ||| Stepping ~*~*~tactically~*~*~ (stealth).
  2155 | D:2      | 2155 ||| UPGRADING to +0 pair of gloves.
  2160 | D:2      | 2160 ||| UPGRADING to +0 chain mail.
  2170 | D:2      | 2170 ||| DROPPING +0 leather armour.
  2171 | D:2      | 2171 ||| READING scroll labelled FASOFUKK GEIWN.
  2172 | D:2      | 2172 ||| READING scroll labelled UZIH QYMAKADO.
  3177 | D:3      | 3177 ||| DRINKING 3 metallic sapphire potions.
  3178 | D:3      | 3178 ||| READING 3 scrolls of identify.
  3178 | D:3      | 3178 ||| IDENTIFYING sedimented ruby potion
  3179 | D:3      | 3179 ||| READING 2 scrolls of identify.
  3179 | D:3      | 3179 ||| IDENTIFYING smoky brown potion
  3180 | D:3      | 3180 ||| DROPPING potion of lignification.
  3225 | D:4      | 3225 ||| FLEEEEING.
  3226 | D:4      | 3226 ||| FLEEEEING.
  3227 | D:4      | 3227 ||| FLEEEEING.
  3228 | D:4      | 3228 ||| FLEEEEING.
  3234 | D:4      | HP: 1/26 [gnoll/+0 club (6)]
  3235 | D:4      | 3235 ||| READING scroll of teleportation.
  3236 | D:4      | 3236 ||| DRINKING potion of heal wounds.
  3267 | D:4      | Gained mutation: Your magical nature lets you fly swiftly
                  | and evasively. [Tengu growth]
  3267 | D:4      | Reached XP level 5. HP: 25/30 MP: 9/9
  3290 | D:4      | 3290 ||| FLEEEEING.
  3291 | D:4      | 3291 ||| FLEEEEING.
  3292 | D:4      | 3292 ||| FLEEEEING.
  3304 | D:4      | Reached skill level 6 in Axes
  3373 | D:4      | 3373 ||| FLEEEEING.
  3374 | D:4      | 3374 ||| FLEEEEING.
  3375 | D:4      | 3375 ||| FLEEEEING.
  3376 | D:4      | 3376 ||| FLEEEEING.
  3377 | D:4      | 3377 ||| FLEEEEING.
  3378 | D:4      | 3378 ||| FLEEEEING.
  3379 | D:4      | 3379 ||| STAIRDANCE
  3592 | D:4      | Noticed Sigmund
  3593 | D:4      | 3593 ||| FLEEEEING.
  3594 | D:4      | 3594 ||| FLEEEEING.
  3605 | D:4      | 3605 ||| FLEEEEING.
  3607 | D:4      | 3607 ||| STAIRDANCE
  3667 | D:4      | 3667 ||| DRINKING 2 potions of curing.
  3667 | D:4      | 3667 ||| (to cure confusion)
  3684 | D:4      | Killed Sigmund
  3685 | D:4      | Reached skill level 7 in Axes
  3685 | D:4      | Reached XP level 6. HP: 20/35 MP: 10/10
  3892 | D:4      | 3892 ||| DROPPING +0 club.
  3908 | D:4      | Noticed Robin
  3909 | D:4      | 3909 ||| Stepping ~*~*~tactically~*~*~ (hiding).
  3928 | D:4      | Killed Robin
  3931 | D:4      | 3931 ||| FLEEEEING.
  3973 | D:4      | 3973 ||| Stepping ~*~*~tactically~*~*~ (stealth).
  3974 | D:4      | 3974 ||| Stepping ~*~*~tactically~*~*~ (stealth).
  3979 | D:4      | 3979 ||| Stepping ~*~*~tactically~*~*~ (stealth).
  3997 | D:4      | 3997 ||| Stepping ~*~*~tactically~*~*~ (stealth).
  4003 | D:4      | 4003 ||| Stepping ~*~*~tactically~*~*~ (stealth).
  4658 | D:4      | Reached XP level 7. HP: 38/40 MP: 11/11
  5015 | D:4      | 5015 ||| DRINKING 2 metallic clear potions.
  5016 | D:4      | 5016 ||| READING 4 scrolls of identify.
  5016 | D:4      | 5016 ||| IDENTIFYING bubbling grey potion
  5017 | D:4      | 5017 ||| READING 3 scrolls of identify.
  5017 | D:4      | 5017 ||| IDENTIFYING murky ruby potion
  5018 | D:4      | 5018 ||| DROPPING potion of flight.
  5019 | D:4      | 5019 ||| DROPPING potion of berserk rage.
  5028 | D:5      | Entered Level 5 of the Dungeon
  5047 | D:5      | Reached skill level 3 in Fighting
  5139 | D:5      | 5139 ||| Stepping ~*~*~tactically~*~*~ (hiding).
  5142 | D:5      | 5142 ||| Stepping ~*~*~tactically~*~*~ (hiding).
  5543 | D:5      | Mangled by an ogre

Levels and vault maps discovered:
D:1:      dpeg_arrival_simpleton_a, layout_loops_ring,
          shapermc_ecumenical_altar_petra, minmay_misc_feat_room,
          grunt_decor_arrowhead
D:2:      layout_basic, serial_shops, nicolae_shop_crystal, basic_altar
D:3:      layout_basic
D:4:      layout_layer_cave, serial_bayou_crossing, uniq_robin, uniq_sigmund
D:5:      layout_basic, mainiacjoe_overflow_two_lobes, uniq_blork_the_orc

Skill      XL: |  1  2  3  4  5  6  7 |
---------------+----------------------+-----
Axes           | 3 5 7 |  7.7
Armour         | 2 |  2.1
Fighting       | 3 |  3.6
Throwing       | |  1.0
Dodging        | |  2.1
Spellcasting   | |  2.0
Translocations | |  2.4

Action                   |  1- 3 |  4- 6 |  7- 9 || total
-------------------------+-------+-------+-------++-------
Melee: Hand axe          |    74 |   140 |    35 ||   249
       Peck              |    13 |    18 |     4 ||    35
       Kick              |    15 |    40 |    18 ||    73
       Punch             |       |     1 |       ||     1
Throw: Boomerang         |     7 |       |       ||     7
  Use: Scroll            |     5 |     5 |     2 ||    12
       Potion            |       |     3 |     1 ||     4
 Stab: Sleeping          |       |     1 |       ||     1
Armor: Leather armour    |    18 |     1 |       ||    19
       Chain mail        |       |    61 |    12 ||    73
Dodge: Dodged            |    40 |    39 |    11 ||    90

Table legend:
 A = Non-vault XP
 B = Vault XP
 C = Vault XP percentage of total XP
 D = Non-vault monster count
 E = Vault monster count
 F = Vault count percentage of total count
                 A         B        C        D         E       F
            +---------+---------+-------+---------+---------+-------
      Total |     599 |     253 |  29.7 |      69 |      14 |  16.9
            +---------+---------+-------+---------+---------+-------
        D:1 |      44 |       0 |   0.0 |      25 |       0 |   0.0
        D:2 |      88 |       0 |   0.0 |      19 |       0 |   0.0
        D:3 |      12 |       0 |   0.0 |       5 |       0 |   0.0
        D:4 |     222 |     253 |  53.3 |      16 |      14 |  46.7
        D:5 |     233 |       0 |   0.0 |       4 |       0 |   0.0
            +---------+---------+-------+---------+---------+-------
